 Dungeon Sprint DCSS version 0.31-a0-844-gdc52ec4e09 (webtiles) character file.

Game seed: 11196219341170097790

2631 sircluck the Grappler (level 9, -7/157 HPs)
             Began as a Troll Berserker on Sept 29, 2023.
             Was a High Priest of Trog.
             Mangled by an ice devil (13 damage)
             ... in the Dungeon (Sprint VII: "The Pits").
             The game lasted 00:01:42 (921 turns).

sircluck the Grappler (Troll Berserker)              Turns: 921, Time: 00:01:43

Health: -7/157     AC:  4    Str: 31    XL:     9   Next: 35%
Magic:  8/8        EV: 15    Int:  3    God:    Trog [*****.]
Gold:   0          SH:  0    Dex:  9    Spells: 8/8 levels left

rFire   . .          .
                       - Unarmed
rCold   . . .        (no shield)
rNeg    . . .        a - +0 animal skin
rPois   .            (helmet restricted)
rElec   .            (no cloak)
rCorr   .            (gloves unavailable)
SInv    .            (boots unavailable)
Will    .....        (no amulet) Stlth
                     k - +3 ring of evasion
HPRegen 1.26/turn    (no ring)
MPRegen 0.11/turn

%: no teleportation
@: berserking, very quick
A: large, unfitting armour, claws 3, regeneration 1, shaggy fur 1, tough skin 1
a: Renounce Religion, Berserk, Trog's Hand, Brothers in Arms


You were in the Dungeon.
You worshipped Trog.
Trog was extremely pleased with you.
You visited 1 branch

Inventory:

Armour
 a - a +0 animal skin (worn)
Jewellery
 k - a +3 ring of evasion (left claw)
 m - a +3 ring of intelligence
Scrolls
 g - a scroll of blinking
 i - 2 scrolls of vulnerability
 j - a scroll of summoning
Potions
 b - 9 potions of curing
 c - 14 potions of heal wounds
 d - a potion of haste
 e - 4 potions of magic
 f - 4 potions of berserk rage
 h - 2 potions of invisibility
 l - a potion of resistance


   Skills:
 + Level 11.0 Fighting
 + Level 10.9 Dodging
 + Level 12.9 Unarmed Combat


You had 8 spell levels left.
You didn't know any spells.
Your spell library was empty.

Dungeon Overview and Level Annotations

Branches:
Dungeon (1/1)

Altars:
Ashenzari
Cheibriados
Dithmenos
Elyvilon
Fedhas
Gozag
Hepliaklqana
Kikubaaqudgha
Makhleb
Nemelex Xobeh
Okawaru
Qazlal
Ru
Sif Muna
Trog
Uskayaw
Vehumet
Wu Jian
Xom
Yredelemnul
Zin
The Shining One
Jiyva
Lugonu


Innate Abilities, Weirdness & Mutations

You are too large for most types of armour.
You have claws for hands.
Your natural rate of healing is unusually fast.
You are covered in fur. (AC +1)
You have tough skin. (AC +1)


Message History

The ice devil freezes you!
You are too injured to fight recklessly!
You are too injured to fight recklessly!
You are too injured to fight recklessly!
Unknown command.
Unknown command.
Your troll goes berserk!
The orc knight hits you with a +2 war axe.
The ice devil hits you but does no damage.
A red film seems to cover your vision as you go berserk!
You feel yourself moving faster!
You feel mighty!
Your troll bites the orc!
The orc dies!
Trog accepts your kill. The ice devil hits you. The ice devil freezes you!
The orc knight hits you with a +2 war axe!
* * * LOW HITPOINT WARNING * * *
You mangle the orc knight!!
The orc knight is heavily wounded.
Your troll bites the orc!
The orc dies!
Trog accepts your kill.
You claw the orc knight!
The orc knight is severely wounded.
Your troll rages.
The ice devil hits you!
* * * LOW HITPOINT WARNING * * *
The ice devil freezes you!
* * * LOW HITPOINT WARNING * * *
The orc knight barely misses you.
The orc knight hits your troll with a +2 war axe.
You claw the orc knight!
The orc knight is almost dead.
You claw the orc knight!
You feel the power of Trog in you as your rage grows.
You kill the orc knight!
Trog accepts your kill. The ice devil hits you!
* * * LOW HITPOINT WARNING * * *
The ice devil freezes you!
You die...

#.......##......+..+
#.......##......+..+
#...<...##.....##..##
#.......##...###....###
#.......##).##........##
#.......##'†#...#..#...#
##########.............+
##########++#..)#4.#...#
...#..[[# ##..@T....#
...#..[[# ###))..###
...'..))# ##..##
...#..))# ..+ ...#..))#
..+ ######### ###


You could see an ice devil (ally target) and a friendly troll (summoned,
berserk).

Vanquished Creatures
  Pikel (D)
  An orc knight (D)
  A deep elf pyromancer (D)
  A molten gargoyle (D)
  An ice devil (D)
  A wind drake (D)
  2 floating eyes (D)
  A swamp drake (D)
  An orc warrior (D)
  A water moccasin (D)
  A bullfrog (D)
  2 necrophages (D)
  A scorpion (D)
  5 killer bees (D)
  An iguana (D)
  A hell rat (D)
  An adder (D)
  A white imp (D)
  An adder simulacrum (D)
  2 orcs (D)
  A ball python (D)
  An endoplasm (D)
  A giant cockroach (D)
  A hobgoblin (D)
  A jackal (D)
  A kobold (D)
  A ball python skeleton (D)
  3 bats (D)
  A frilled lizard (D)
38 creatures vanquished.

Vanquished Creatures (collateral kills)
  2 orcs (D)
2 creatures vanquished.

Grand Total: 40 creatures vanquished

Notes
Turn   | Place    | Note
-------+----------+-------------------------------------------
     0 | D        | sircluck the Troll Berserker began the quest for the Orb.
     0 | D        | Reached XP level 1. HP: 22/22 MP: 0/0
    22 | D        | Noticed a hell rat
    22 | D        | Noticed a komodo dragon
    44 | D        | Killed a hell rat
    45 | D        | Reached skill level 4 in Unarmed Combat
    45 | D        | Reached XP level 2. HP: 31/31 MP: 1/1
   184 | D        | Reached ** piety under Trog
   421 | D        | Found a bloodstained altar of Trog.
   421 | D        | Found a shimmering blue altar of Sif Muna.
   421 | D        | Found a viscous altar of Jiyva.
   421 | D        | Found a hazy altar of Hepliaklqana.
   421 | D        | Found an opulent altar of Gozag.
   422 | D        | Found a glowing golden altar of the Shining One.
   422 | D        | Found a glowing silver altar of Zin.
   422 | D        | Found a basalt altar of Yredelemnul.
   422 | D        | Found a shimmering altar of Xom.
   422 | D        | Found an ornate altar of the Wu Jian Council.
   422 | D        | Found a sacrificial altar of Ru.
   422 | D        | Found a stormy altar of Qazlal.
   422 | D        | Found an iron altar of Okawaru.
   422 | D        | Found a sparkling altar of Nemelex Xobeh.
   422 | D        | Found a burning altar of Makhleb.
   422 | D        | Found a blossoming altar of Fedhas.
   422 | D        | Found a white marble altar of Elyvilon.
   422 | D        | Found a shadowy altar of Dithmenos.
   422 | D        | Found a snail-covered altar of Cheibriados.
   424 | D        | Found a radiant altar of Vehumet.
   424 | D        | Found a corrupted altar of Lugonu.
   425 | D        | Found a hide-covered altar of Uskayaw.
   425 | D        | Found an ancient bone altar of Kikubaaqudgha.
   425 | D        | Found a broken altar of Ashenzari.
   467 | D        | Reached XP level 3. HP: 39/39 MP: 2/2
   482 | D        | Reached *** piety under Trog
   486 | D        | Noticed a floating eye
   486 | D        | Noticed a floating eye
   487 | D        | Paralysed by a floating eye for 3 turns
   490 | D        | Killed a floating eye
   491 | D        | Reached skill level 5 in Fighting
   491 | D        | Reached skill level 5 in Dodging
   491 | D        | Reached skill level 6 in Unarmed Combat
   491 | D        | Reached XP level 4. HP: 40/50 MP: 3/3
   493 | D        | Killed a floating eye
   494 | D        | Reached skill level 7 in Unarmed Combat
   494 | D        | Reached XP level 5. HP: 48/61 MP: 4/4
   494 | D        | Reached **** piety under Trog
   550 | D        | Noticed Pikel
   550 | D        | Noticed a lemure
   550 | D        | Noticed a lemure
   550 | D        | Noticed a lemure
   562 | D        | Noticed a lemure
   563 | D        | Reached XP level 6. HP: 68/68 MP: 5/5
   570 | D        | Killed Pikel
   571 | D        | Reached skill level 10 in Unarmed Combat
   571 | D        | Reached XP level 7. HP: 65/81 MP: 6/6
   584 | D        | Reached ***** piety under Trog
   605 | D        | Noticed a deep elf pyromancer
   613 | D        | Killed a deep elf pyromancer
   613 | D        | Received a gift from Trog
   614 | D        | Reached XP level 8. HP: 83/92 MP: 7/7
   625 | D        | Reached skill level 11 in Unarmed Combat
   638 | D        | Noticed a molten gargoyle
   651 | D        | Killed a molten gargoyle
   651 | D        | Received a gift from Trog
   652 | D        | Reached skill level 10 in Fighting
   784 | D        | Noticed a wind drake
   791 | D        | Reached skill level 10 in Dodging
   795 | D        | Killed a wind drake
   796 | D        | Reached skill level 12 in Unarmed Combat
   796 | D        | Reached XP level 9. HP: 102/102 MP: 8/8
   858 | D        | Noticed an ice devil
   862 | D        | Killed an ice devil
   862 | D        | Received a gift from Trog
   905 | D        | Reached ****** piety under Trog
   907 | D        | Noticed an ice devil
   907 | D        | Noticed an orc knight
   921 | D        | Killed an orc knight
   921 | D        | HP: 6/157 [ice devil (7)]
   921 | D        | Mangled by an ice devil

Illustrated notes

Levels and vault maps discovered:
D:        pitsprint [storerooms_1, entrance_room_1, metal_vault_4, armoury_1,
          mini_pit_1, grid_room_1, main_hall_1, silver_pit, the_coven_1,
          the_vestibule_1, steel_vault_3, golden_pit, hallway_of_sentries,
          crystal_vault_2, iron_vault_1, final_vault]

Skill      XL: |  1  2  3  4  5  6  7  8  9 |
---------------+----------------------------+-----
Fighting       | 3 5 6 8 9 10 11 | 11.0
Dodging        | 3 5 6 8 9 10 | 10.9
Unarmed Combat | 4 6 7 10 12 | 12.9

Action                     |  1- 3 |  4- 6 |  7- 9 || total
---------------------------+-------+-------+-------++-------
  Melee: Unarmed           |    13 |    15 |    63 ||    91
         Punch             |       |     1 |     3 ||     4
 Invoke: Berserk           |     1 |       |     4 ||     5
         Brothers in Arms  |       |       |     1 ||     1
 Armour: Animal skin       |     6 |     4 |    37 ||    47
  Dodge: Dodged            |     5 |     7 |    42 ||    54

Table legend: (Time is in decaauts)
 A = Elapsed time spent in this place.
 B = Non-inter-level travel time spent in this place.
 C = Inter-level travel time spent in this place.
 D = Time resting spent in this place.
 E = Time spent auto-exploring this place.
 F = Levels seen in this place.
 G = Mean time per level.
                   A        B        C        D        E       F      G
               +--------+--------+--------+--------+--------+-----+--------+
         Total |    940 |    940 |      0 |    452 |    160 |   1 |  940.0 |
       Dungeon |    940 |    940 |      0 |    452 |    160 |   1 |  940.0 |
               +--------+--------+--------+--------+--------+-----+--------+

Top non-repeatable levels by time:
       D: 940 daAuts
